 Dungeon Crawl Stone Soup version 0.28.0-43-g3370ac3207 (webtiles) character file.

Game seed: 6800523910999264930

91 silky the Chopper (level 4, -12/41 HPs)
             Began as a Gnoll Chaos Knight on Mar 30, 2022.
             Was a Plaything of Xom.
             Mangled by an anaconda (glowing shapeshifter) (13 damage)
             ... on level 3 of the Dungeon.
             The game lasted 00:07:53 (2458 turns).

silky the Chopper (Gnoll Chaos Knight)              Turns: 2458, Time: 00:07:54

Health: -12/41     AC: 12    Str: 13    XL:     4   Next: 57%
Magic:  5/5        EV:  4    Int: 11    God:    Xom [....*.]
Gold:   92         SH:  0    Dex: 14    Spells: 5/5 levels left

rFire   . . .      SeeInvis .   a - +0 hand axe (chaos)
rCold   . . .      Faith    .   (no shield)
rNeg    . . .      Spirit   .   f - +0 chain mail
rPois   +          Reflect  .   (no helmet)
rElec   .          Harm     .   (no cloak)
rCorr   .          Rampage  .   e - +0 pair of gloves
Will    .....                   i - +0 pair of boots
Stlth   ..........              (no amulet)
HPRegen 0.13/turn               (no ring)
MPRegen 0.09/turn               (no ring)

@: constricted
A: fangs 1, strong nose, distributed training, talons 1, agile 1, poison
resistance, MP-powered wands
a: Renounce Religion


You were on level 3 of the Dungeon.
You worshipped Xom.
You were a beloved toy of Xom.
You visited 1 branch of the dungeon, and saw 3 of its levels.

You collected 92 gold pieces.

Inventory:

Hand Weapons
 a - a +0 hand axe of chaos (weapon)
Armour
 e - a +0 pair of gloves (worn)
 f - a +0 chain mail (worn)
 i - a +0 pair of boots (worn)
Jewellery
 m - a ring of ice
Scrolls
 h - a scroll of vulnerability
Potions
 b - 2 potions of curing
 c - a potion of haste {unknown}
 j - a potion of invisibility {unknown}
 k - a potion of attraction {unknown}
 l - a potion of heal wounds {unknown}


   Skills:
 + Level 6.6 Fighting
 + Level 1.2 Short Blades
 + Level 1.2 Long Blades
 + Level 6.6 Axes
 + Level 1.2 Maces & Flails
 + Level 1.2 Polearms
 + Level 1.2 Staves
 + Level 1.2 Slings
 + Level 1.2 Bows
 + Level 1.2 Crossbows
 + Level 1.2 Throwing
 + Level 4.6 Armour
 + Level 2.8 Dodging
 + Level 1.2 Stealth
 + Level 1.2 Shields
 + Level 1.2 Unarmed Combat
 + Level 1.2 Spellcasting
 + Level 1.0 Conjurations
 + Level 1.0 Hexes
 + Level 1.0 Summonings
 + Level 1.0 Necromancy
 + Level 1.0 Translocations
 + Level 1.0 Transmutations
 + Level 1.0 Fire Magic
 + Level 1.0 Ice Magic
 + Level 1.0 Air Magic
 + Level 1.0 Earth Magic
 + Level 1.0 Poison Magic
 + Level 1.3 Invocations
 + Level 1.2 Evocations


You had 5 spell levels left.
You didn't know any spells.
Your spell library was empty.

Dungeon Overview and Level Annotations

Branches:
Dungeon (3/15)

Altars:
Xom


Innate Abilities, Weirdness & Mutations

You have very sharp teeth.
Your uncanny sense of smell can sniff out nearby items.
Your experience applies equally to all skills.
You have sharp toenails.
You are agile. (Dex +2)
Your system is resistant to poisons. (rPois)
You expend magic power (3 MP) to strengthen your wands.


Message History

You hit the endoplasm.
Space warps around the endoplasm.
You kill the endoplasm!
c - a metallic blue potion An orb spider comes into view.
There are no items here.
The orb spider hisses angrily.
As you read the scroll labelled NEXOMI TI BYGA, it crumbles to dust.
You feel aware of your surroundings.
It was a scroll of magic mapping.
Xom adds some personal touches to your environment.
You are now a beloved toy of Xom.
The orb spider changes into an anaconda!
The anaconda grabs you. The anaconda bites you! The anaconda constricts you.
You hit the anaconda but do no damage.
The anaconda bites you but does no damage.
The anaconda constricts you. The anaconda bites you.
The anaconda constricts you.
You hit the anaconda. You burn the anaconda.
The anaconda is lightly wounded.
The anaconda bites you. The anaconda constricts you. The anaconda bites you!
* * * LOW HITPOINT WARNING * * *
The anaconda constricts you.
* * * LOW HITPOINT WARNING * * *
You emit a cloud of colourful smoke!
The anaconda's grasp on you weakens, but your attempt to escape fails.
The anaconda bites you.
You die... "Oh, no, you don't!"
Xom revives you! The anaconda constricts you.
* * * LOW HITPOINT WARNING * * *
The anaconda bites you but does no damage.
The anaconda constricts you.
* * * LOW HITPOINT WARNING * * *
You emit a cloud of colourful smoke!
Unknown command.
The anaconda's grasp on you weakens, but your attempt to escape fails.
Xom grants you insight.
You detect nothing.
The anaconda bites you!
You die...
Xom chuckles heartily!

*,,∆,,,,,,...........#...
*****,,,,......#######.#<
*****.....,******#...
####....###,,,*#...#
########..........,,.......
#......._._................
#......)_..................
#........§§§...............
#........§@§_...#..........
#######..§§S...............
#...................,
#..................##
#_...._..............
####..####........... #..##
*.........#. ##..#
*.........##
####...#####.........##


You could see an anaconda shaped shifter.

Vanquished Creatures
  4 adders
  2 worms (D:2)
  An orc (D:2)
  3 endoplasms
  A giant cockroach (D:2)
  4 goblins
  3 hobgoblins
  4 jackals (D:3)
  A quokka (D:3)
  4 ball pythons
  4 bats
  5 frilled lizards
  4 kobolds
  6 rats
46 creatures vanquished.

Vanquished Creatures (collateral kills)
  A worm (D:3)
1 creature vanquished.

Grand Total: 47 creatures vanquished

Notes
Turn   | Place    | Note
-------+----------+-------------------------------------------
     0 | D:1      | silky the Gnoll Chaos Knight began the quest for the Orb.
     0 | D:1      | Reached XP level 1. HP: 23/23 MP: 1/1
   436 | D:1      | Reached XP level 2. HP: 28/29 MP: 2/2
   438 | D:1      | XOM: noise
   865 | D:2      | XOM: silly message
   989 | D:2      | Reached XP level 3. HP: 29/35 MP: 3/3
  1569 | D:2      | Reached skill level 1 in Invocations
  2135 | D:3      | Reached skill level 1 in Short Blades
  2135 | D:3      | Reached skill level 1 in Long Blades
  2135 | D:3      | Reached skill level 1 in Maces & Flails
  2135 | D:3      | Reached skill level 1 in Polearms
  2135 | D:3      | Reached skill level 1 in Staves
  2135 | D:3      | Reached skill level 1 in Slings
  2135 | D:3      | Reached skill level 1 in Bows
  2135 | D:3      | Reached skill level 1 in Crossbows
  2135 | D:3      | Reached skill level 1 in Throwing
  2135 | D:3      | Reached skill level 1 in Stealth
  2135 | D:3      | Reached skill level 1 in Shields
  2135 | D:3      | Reached skill level 1 in Unarmed Combat
  2135 | D:3      | Reached skill level 1 in Spellcasting
  2135 | D:3      | Reached skill level 1 in Evocations
  2136 | D:3      | Noticed an ice beast
  2137 | D:3      | XOM: divination: detect items
  2163 | D:3      | XOM: 1-stop teleportation journey
  2250 | D:3      | XOM: give mutations
  2250 | D:3      | Gained mutation: Your system is resistant to poisons.
                  | (rPois) [Xom's grace]
  2250 | D:3      | Gained mutation: You have sharp toenails. [Xom's grace]
  2250 | D:3      | Gained mutation: You expend magic power (3 MP) to
                  | strengthen your wands. [Xom's grace]
  2250 | D:3      | Gained mutation: You are agile. (Dex +2) [Xom's grace]
  2284 | D:3      | Noticed a glowing shapeshifter
  2284 | D:3      | a goblin changed into a glowing shapeshifter
  2284 | D:3      | XOM: enchant monster (good)
  2284 | D:3      | Noticed an eye of devastation
  2284 | D:3      | a glowing shapeshifter changed into an eye of devastation
  2286 | D:3      | Noticed a snapping turtle
  2286 | D:3      | an eye of devastation changed into a snapping turtle
  2287 | D:3      | Noticed a torpor snail
  2287 | D:3      | a snapping turtle changed into a torpor snail
  2317 | D:3      | Noticed an ice dragon
  2317 | D:3      | XOM: enchant monster (good)
  2330 | D:3      | Reached XP level 4. HP: 41/41 MP: 5/5
  2344 | D:3      | Noticed a manticore
  2406 | D:3      | Reached skill level 1 in Conjurations
  2406 | D:3      | Reached skill level 1 in Hexes
  2406 | D:3      | Reached skill level 1 in Summonings
  2406 | D:3      | Reached skill level 1 in Necromancy
  2406 | D:3      | Reached skill level 1 in Translocations
  2406 | D:3      | Reached skill level 1 in Transmutations
  2406 | D:3      | Reached skill level 1 in Fire Magic
  2406 | D:3      | Reached skill level 1 in Ice Magic
  2406 | D:3      | Reached skill level 1 in Air Magic
  2406 | D:3      | Reached skill level 1 in Earth Magic
  2406 | D:3      | Reached skill level 1 in Poison Magic
  2449 | D:3      | Noticed an orb spider
  2451 | D:3      | XOM: scenery: create altars
  2451 | D:3      | Noticed an anaconda
  2451 | D:3      | an orb spider changed into an anaconda
  2456 | D:3      | XOM: smoke on damage
  2457 | D:3      | Xom revived you
  2457 | D:3      | HP: 1/41 [constriction (4)]
  2457 | D:3      | XOM: smoke on damage
  2458 | D:3      | XOM: divination: detect items
  2458 | D:3      | Mangled by an anaconda (glowing shapeshifter)

Illustrated notes

Levels and vault maps discovered:
D:1:      shiori_shiawase, layout_basic
D:2:      layout_basic
D:3:      layout_rooms

Skill      XL: |  1  2  3  4 |
---------------+-------------+-----
Invocations    | 1 |  1.3
Short Blades   | 1 |  1.2
Long Blades    | 1 |  1.2
Maces & Flails | 1 |  1.2
Polearms       | 1 |  1.2
Staves         | 1 |  1.2
Slings         | 1 |  1.2
Bows           | 1 |  1.2
Crossbows      | 1 |  1.2
Throwing       | 1 |  1.2
Stealth        | 1 |  1.2
Shields        | 1 |  1.2
Unarmed Combat | 1 |  1.2
Spellcasting   | 1 |  1.2
Evocations     | 1 |  1.2
Conjurations   | 1 |  1.0
Hexes          | 1 |  1.0
Summonings     | 1 |  1.0
Necromancy     | 1 |  1.0
Translocations | 1 |  1.0
Transmutations | 1 |  1.0
Fire Magic     | 1 |  1.0
Ice Magic      | 1 |  1.0
Air Magic      | 1 |  1.0
Earth Magic    | 1 |  1.0
Poison Magic   | 1 |  1.0
Fighting       | |  6.6
Axes           | |  6.6
Armour         | |  4.6
Dodging        | |  2.8

Action                   |  1- 3 |  4- 6 || total
-------------------------+-------+-------++-------
Melee: Hand axe          |   123 |    47 ||   170
       Bite              |    13 |     2 ||    15
  Use: Scroll            |     4 |     1 ||     5
Armor: Leather armour    |     2 |       ||     2
       Chain mail        |    69 |    37 ||   106
Dodge: Dodged            |    39 |     8 ||    47
